 Dungeon Crawl Stone Soup version 0.23.2-33-g5129a83184 (webtiles) character file.

Game seed: 3795081760254687586

3641 kae the Skirmisher (level 9, -12/73 HPs)
             Began as a Demonspawn Monk on July 23, 2019.
             Was a Priest of Wu Jian.
             Mangled by an orc warrior
             ... wielding a +0 mace
              (19 damage)
             ... on level 9 of the Dungeon.
             The game lasted 00:08:23 (8639 turns).

kae the Skirmisher (Demonspawn Monk)                Turns: 8639, Time: 00:08:24

Health: -12/73     AC: 18    Str: 18    XL:     9   Next: 88%
Magic:  9/9        EV: 28    Int: 12    God:    Wu Jian [***...]
Gold:   347        SH:  0    Dex: 23    Spells: 8/8 levels left

rFire    . . .     SeeInvis .     - Unarmed
rCold    . . .     Gourm    .   (no shield)
rNeg     + . .     Faith    .   u - +2 robe {rN+}
rPois    .         Spirit   .   G - +0 helmet
rElec    .         Reflect  .   (no cloak)
rCorr    .         Harm     .   v - +0 pair of gloves
MR       .....     Rnd*Rage +   h - +1 pair of boots
Stlth    +++++.....             (no amulet)
HPRegen  0.22/turn              o - +5 ring of evasion
MPRegen  0.11/turn              l - +6 ring of strength

@: agile, sanguine armour, studying Spellcasting
A: berserk 1, powered by pain 1, shaggy fur 1, spiny 1, sanguine armour 2
a: Wall Jump, Serpent's Lash, Renounce Religion


You were on level 9 of the Dungeon.
You worshipped Wu Jian.
Wu Jian was most pleased with you.
You were not hungry.

You visited 2 branches of the dungeon, and saw 10 of its levels.

You collected 472 gold pieces.
You spent 125 gold pieces at shops.

Inventory:

Armour
 h - a +1 pair of boots (worn)
 u - a +2 robe of positive energy (worn)
 v - a +0 pair of gloves (worn)
 G - a +0 helmet (worn)
Jewellery
 d - an uncursed ring of protection from magic
 i - an uncursed ring of protection from magic
 k - an uncursed ring of magical power
 l - a +6 ring of strength (right hand)
 o - a +5 ring of evasion (left hand)
 B - an uncursed ring of protection from magic
 C - an uncursed ring of see invisible
Wands
 p - a wand of acid (7)
 r - a wand of polymorph (16)
 z - a wand of iceblast (9)
 F - a wand of enslavement (8)
 I - a wand of scattershot (1)
Scrolls
 a - a scroll of amnesia
 e - 2 scrolls of remove curse
 f - 3 scrolls of magic mapping
 s - 2 scrolls of enchant armour
 y - 4 scrolls of teleportation
Potions
 c - 7 potions of curing
 g - a potion of mutation
 m - a potion of cancellation
 q - a potion of agility
 t - 2 potions of lignification
 w - a potion of resistance
 x - 2 potions of invisibility
 A - a potion of brilliance
 D - a potion of magic
 E - a potion of flight {unknown}
Books
 j - a manual of Spellcasting
Comestibles
 b - 13 rations
 n - 7 chunks of flesh


   Skills:
 + Level 7.7 Fighting
 - Level 7.0 Dodging
 - Level 7.2 Stealth
 * Level 7.1 Unarmed Combat
 + Level 0.5 Evocations


You had 8 spell levels left.
You didn't know any spells.
Your spell library contained the following spells:

 Spells                   Type           Power        Failure   Level  Hunger
 Shock                    Conj/Air       #...         32%         1    ##.....
 Swiftness                Chrm/Air       #.......     45%         2    ###....
 Static Discharge         Conj/Air       #.......     69%         3    ####...
 Airstrike                Air            #.........   97%         4    #####..
 Lightning Bolt           Conj/Air       #.........   100%        5    ######.


Dungeon Overview and Level Annotations

Branches:
Dungeon (9/15)             Temple (1/1) D:4            Lair (0/6) D:8
    Orc (0/2) D:9

Altars:
Ashenzari
Cheibriados
Dithmenos
Elyvilon
Fedhas
Gozag
Hepliaklqana
Kikubaaqudgha
Makhleb
Nemelex Xobeh
Okawaru
Qazlal
Ru
Sif Muna
Trog
Uskayaw
Vehumet
Wu Jian
Xom
Yredelemnul
Zin
The Shining One

Shops:
D:4 [!*   D:9 *


Innate Abilities, Weirdness & Mutations

You sometimes gain a little power by taking damage.
You are partially covered in sharp spines.
When seriously injured, your bleeding wounds create thick armour. (AC +9)
You tend to lose your temper in combat.
You are covered in fur. (AC +1)


Message History

The orc warrior is heavily wounded.
The orc priest invokes the aid of Beogh against you.
Beogh smites you!
* * * LOW HITPOINT WARNING * * *
You spin and attack the orc priest.
You punch the orc priest!
You kill the orc priest!
The Council accepts your kill.
You spin and attack the orc warrior.
You hit the orc warrior but do no damage.
The orc warrior is heavily wounded.
The orc warrior misses you.
You barely miss the orc warrior. You punch the orc warrior!
The orc warrior is severely wounded.
The orc warrior misses you.
You spin and attack the orc warrior.
You hit the orc warrior but do no damage.
The orc warrior is severely wounded.
The orc warrior is struck by your spines.
The orc warrior hits you with a +0 mace!!
You die...

........)#..#.#..........
.........................
.........##......).......
...##....##....##........
.. #..........##........
. .............)..##...
.................##...
...........)...........
........@))†.......
........o........##
......>..........#
...........%.......
...................
.....###........##. .....
)........# .....
........... ##..
......##...


You could see an orc warrior (pinned).

Vanquished Creatures
  A hornet (D:9)
  A wyvern (D:7)
  2 hungry ghosts
  A human (D:9)
  Duvessa (D:5)
  3 orc warriors
  2 ice beasts
  A phantom (D:9)
  5 ogres
  2 centaurs
  A gnoll sergeant (D:8)
  4 bullfrogs
  Dowan (D:5)
  A wyvern zombie (D:7)
  3 scorpions
  5 wights (D:4)
  4 crimson imps
  A bullfrog zombie (D:7)
  3 hounds
  2 bullfrog skeletons
  5 orc priests
  5 orc wizards
  Jessica (D:6)
  2 worker ants
  A killer bee zombie (D:8)
  A hound skeleton (D:6)
  A worker ant zombie (D:8)
  4 gnolls
  4 adders
  2 shadow imps
  6 worms
  2 dart slugs
  5 leopard geckos
  22 orcs
  2 ball pythons
  3 giant cockroaches
  6 goblins
  9 hobgoblins
  2 jackals (D:4)
  A quokka (D:3)
  3 bats
  4 frilled lizards
  4 kobolds
  8 rats
147 creatures vanquished.

Notes
Turn   | Place    | Note
-------+----------+-------------------------------------------
     0 | D:1      | kae the Demonspawn Monk began the quest for the Orb.
     0 | D:1      | Reached XP level 1. HP: 18/18 MP: 1/1
    89 | D:1      | Gained mutation: When seriously injured, your bleeding
                  | wounds create armour. (AC +9) [demonic ancestry]
    89 | D:1      | Reached XP level 2. HP: 19/24 MP: 2/2
   688 | D:2      | Gained mutation: You are partially covered in sharp spines.
                  | [demonic ancestry]
   688 | D:2      | Reached XP level 3. HP: 24/29 MP: 3/3
  1775 | D:3      | Reached XP level 4. HP: 32/35 MP: 4/4
  2169 | D:3      | Found a sacrificial altar of Ru.
  2476 | D:3      | Found a sparkling altar of Nemelex Xobeh.
  2845 | D:4      | Found Wiuc Dump's General Store.
  2848 | D:4      | Bought a potion of berserk rage for 55 gold pieces
  2862 | D:4      | Gained mutation: When seriously injured, your bleeding
                  | wounds create thick armour. (AC +9) [demonic ancestry]
  2862 | D:4      | Reached XP level 5. HP: 33/42 MP: 5/5
  2867 | D:4      | Got a brightly glowing robe
  2878 | D:4      | Identified the +1 robe of Youthful Indiscretion {rN+ Str-3
                  | Int+3} (You found it on level 4 of the Dungeon)
  2987 | D:4      | Found Bamor's Distillery.
  2990 | D:4      | Bought 2 potions of degeneration for 20 gold pieces
  2990 | D:4      | Bought a potion of heal wounds for 50 gold pieces
  3095 | D:4      | Found Yhekas's Antique Armour Boutique.
  3252 | D:4      | Found a staircase to the Ecumenical Temple.
  3285 | D:4      | HP: 2/63 [wight/+5 war axe of freezing (7)]
  3286 | D:4      | Reached XP level 6. HP: 1/48 MP: 6/6
  3292 | D:4      | Gained mutation: You tend to lose your temper in combat.
                  | [potion of mutation]
  3292 | D:4      | Gained mutation: You are covered in fur. (AC +1) [potion of
                  | mutation]
  3331 | Temple   | Entered the Ecumenical Temple
  3547 | Temple   | Became a worshipper of the Wu Jian Council
  3547 | Temple   | Reached * piety under Wu Jian
  3547 | Temple   | Reached ** piety under Wu Jian
  3806 | D:4      | Found a shadowy altar of Dithmenos.
  4035 | D:4      | Found a glowing silver altar of Zin.
  4036 | D:4      | Found an opulent altar of Gozag.
  4045 | D:4      | HP: 1/49 [ogre/+0 giant club (14)]
  4047 | D:4      | Reached XP level 7. HP: 1/55 MP: 7/7
  4426 | D:5      | Entered Level 5 of the Dungeon
  4587 | D:5      | Reached skill level 5 in Fighting
  4685 | D:5      | Found a snail-covered altar of Cheibriados.
  5207 | D:5      | Noticed Duvessa
  5207 | D:5      | Noticed Dowan
  5229 | D:5      | Killed Duvessa
  5229 | D:5      | Reached skill level 5 in Dodging
  5229 | D:5      | Reached skill level 5 in Unarmed Combat
  5229 | D:5      | Gained mutation: You sometimes gain a little power by
                  | taking damage. [demonic ancestry]
  5229 | D:5      | Reached XP level 8. HP: 15/63 MP: 8/8
  5233 | D:5      | Killed Dowan
  5233 | D:5      | Reached skill level 5 in Stealth
  6225 | D:6      | Noticed Jessica
  6232 | D:6      | Found a deep blue altar of Sif Muna.
  6250 | D:6      | Killed Jessica
  6802 | D:7      | Found a blossoming altar of Fedhas.
  6803 | D:7      | Found a radiant altar of Vehumet.
  6832 | D:7      | Reached XP level 9. HP: 56/71 MP: 9/9
  6916 | D:7      | Found a shimmering altar of Xom.
  6918 | D:7      | Found a shimmering altar of Xom.
  6919 | D:7      | Found a shimmering altar of Xom.
  6920 | D:7      | Found a shimmering altar of Xom.
  7543 | D:8      | Found a staircase to the Lair.
  7838 | D:8      | Reached *** piety under Wu Jian
  8457 | D:9      | Found Hograod's General Store.
  8613 | D:9      | Found a staircase to the Orcish Mines.
  8639 | D:9      | Mangled by an orc warrior

Skill      XL: |  1  2  3  4  5  6  7  8  9 |
---------------+----------------------------+-----
Stealth        | 2 3 4 6 7 |  7.2
Dodging        | 3 4 5 6 7 |  7.0
Unarmed Combat | 3 4 5 6 7 |  7.1
Fighting       | 4 5 6 7 |  7.7
Evocations     | |  0.5

Action                   |  1- 3 |  4- 6 |  7- 9 || total
-------------------------+-------+-------+-------++-------
Melee: Unarmed           |   116 |   134 |   321 ||   571
       Punch             |     2 |     2 |    13 ||    17
Invok: Lunge             |       |     2 |    28 ||    30
       Whirlwind         |       |       |    41 ||    41
Evoke: Wand              |       |       |     2 ||     2
  Use: Scroll            |     5 |     2 |    11 ||    18
       Potion            |     2 |     7 |     2 ||    11
 Stab: Sleeping          |     8 |     5 |     8 ||    21
       Distracted        |     2 |       |     1 ||     3
       Paralysed         |       |     1 |       ||     1
       Invisible         |       |     1 |       ||     1
  Eat: Chunk             |     3 |     7 |    15 ||    25
       Ration            |       |       |     1 ||     1
Armor: Robe              |    18 |    29 |    37 ||    84
       Skin              |     3 |       |       ||     3
Dodge: Dodged            |    58 |    88 |   192 ||   338
